[Event "Titled Tuesday Blitz April 4 Late 2023"]
[White "Mendez Fortes, Eduardo Jesus"]
[Black "Mei, Austin"]
[WhiteFideId "3502376"]
[BlackFideId "30948479"]
[WhiteElo "2307"]
[BlackElo "2125"]
[Result "1-0"]
[Round "10"]
[TimeControl "180+2"]
[Date "2023.04.04"]
[WhiteClock "0:00:14"]
[BlackClock "0:00:03"]

1. e4 e5 2. Nf3 Nc6 3. Bb5 a6 4. Ba4 Nf6 5. O-O Nxe4 6. d4 b5 7. Bb3 d5 8. dxe5 Be6 9. c3 Nc5 10. Bc2 Bg4 11. h3 Bh5 12. Bf4 Qd7 13. Nbd2 Be7 14. Nb3 Ne6 15. Bh2 Rd8 16. Re1 d4 17. cxd4 Ncxd4 18. Nbxd4 Nxd4 19. Qxd4 Qxd4 20. Nxd4 Rxd4 21. f4 Rd2 22. Be4 Be2 23. Bc6+ Kd8 24. b3 Kc8 25. f5 Rhd8 26. Bf4 Rc2 27. Be4 Bd3 28. Bxd3 Rxd3 29. Rac1 Rdc3 30. Rcd1 Bc5+ 31. Kh1 Rf2 32. Re4 Rcc2 33. e6 fxe6 34. fxe6 Rfe2 35. Re1 Rxe4 36. Rxe4 Be7 37. Rd4 Re2 38. Rd7 Rxe6 39. Rxc7+ Kd8 40. Ra7 Bc5 41. Rxg7 Re2 42. Rxh7 Rxa2 43. h4 Rb2 44. h5 Rxb3 45. h6 Rb4 46. Bg5+ Ke8 47. Rc7 Bd6 48. Rc8+ Kf7 49. Kg1 Kg6 50. Rg8+ Kh7 51. Rg7+ Kh8 52. Bf6 Rf4 53. Bc3 Bc5+ 54. Kh2 Bd4 55. Bd2 Rh4+ 56. Kg3 Rh5 57. Rd7 Be5+ 58. Kg4 Rh1 59. Kf5 Bb2 60. Kg6 Rf1 61. Rd8+ Rf8 62. Rxf8# 1-0


[Site "https://www.chess.com"]

[Event "Titled Tuesday Blitz April 4 Late 2023"]
[White "Moral Garcia, Serafin"]
[Black "Ambartsumova, Karina"]
[WhiteFideId "2201925"]
[BlackFideId "4166299"]
[WhiteElo "2274"]
[BlackElo "2240"]
[Result "0-1"]
[Round "10"]
[TimeControl "180+2"]
[Date "2023.04.04"]
[WhiteClock "0:00:30"]
[BlackClock "0:00:22"]

1. c4 Nf6 2. Nc3 g6 3. g3 Bg7 4. Bg2 O-O 5. Rb1 d6 6. d3 e5 7. Nf3 Nc6 8. b4 Nd4 9. O-O Bg4 10. Ne1 c6 11. h3 Be6 12. e3 Nf5 13. Nc2 d5 14. Qe2 Re8 15. Rd1 d4 16. Ne4 dxe3 17. Bxe3 Qc8 18. Kh2 Nxe3 19. Nxe3 Qc7 20. Nxf6+ Bxf6 21. Kg1 Rad8 22. h4 h5 23. Nf1 Bg7 24. Nd2 Bg4 25. Bf3 Bf5 26. Be4 Qd7 27. Bxf5 Qxf5 28. Ne4 Rd4 29. c5 Bf8 30. Rb3 a6 31. a3 Red8 32. f3 Be7 33. Kg2 Qe6 34. Rb2 f5 35. Nf2 Qd5 36. Qe3 f4 37. gxf4 Rxf4 38. Ne4 Bxh4 39. Kh1 Rdf8 40. Rg2 Qe6 41. Rdg1 Kh7 42. Rxg6 Qxg6 43. Rxg6 Kxg6 44. Nd2 R8f5 45. Kg2 Bg5 46. Qe2 Be7 47. Nc4 Rg5+ 48. Kf1 Bf6 49. Nd2 Rh4 50. Qe4+ Rxe4 0-1


[Site "https://www.chess.com"]

[Event "Titled Tuesday Blitz April 4 Late 2023"]
[White "Shapiro, Viktor"]
[Black "Di Berardino, Diego Rafael"]
[WhiteFideId "4175700"]
[BlackFideId "2105446"]
[WhiteElo "2152"]
[BlackElo "2432"]
[Result "1-0"]
[Round "10"]
[TimeControl "180+2"]
[Date "2023.04.04"]
[WhiteClock "0:00:19"]
[BlackClock "0:00:04"]

1. c4 e6 2. Nc3 d5 3. d4 Nf6 4. Nf3 Be7 5. Bg5 O-O 6. e3 Nbd7 7. cxd5 Nxd5 8. Bxe7 Qxe7 9. Bd3 Nxc3 10. bxc3 b6 11. a4 a6 12. O-O Bb7 13. Nd2 e5 14. Qh5 g6 15. Qh6 Rad8 16. Rfe1 a5 17. h4 Nf6 18. Nc4 e4 19. Be2 Nd5 20. Rec1 f5 21. Ne5 f4 22. c4 Nb4 23. c5 Bd5 24. cxb6 cxb6 25. Rc3 f3 26. gxf3 exf3 27. Bf1 Rc8 28. Rac1 Rxc3 29. Rxc3 Be6 30. h5 Qg7 31. Qxg7+ Kxg7 32. Rc7+ Kh6 33. hxg6 hxg6 34. Rb7 Nd5 35. Bc4 Rc8 36. Kh2 Kg5 37. Kg3 Kf5 38. Bd3+ Kf6 39. Be4 Nc3 40. Bxf3 Nxa4 41. Bc6 Nc3 42. Rxb6 a4 43. Bd7 Ne4+ 44. Kg2 Rc2 45. Rxe6+ Kg7 46. Rxg6+ Kf8 47. Ng4 a3 48. Ra6 a2 49. Bf5 Nc3 50. Bxc2 1-0


[Site "https://www.chess.com"]

[Event "Titled Tuesday Blitz April 4 Late 2023"]
[White "Erzhanov, Arman"]
[Black "Romanchuk, Viktor"]
[WhiteFideId "4138821"]
[BlackFideId "14109271"]
[WhiteElo "2138"]
[BlackElo "2242"]
[Result "1-0"]
[Round "10"]
[TimeControl "180+2"]
[Date "2023.04.04"]
[WhiteClock "0:01:03"]
[BlackClock "0:00:01"]

1. e4 c6 2. d4 d5 3. exd5 cxd5 4. c4 Nf6 5. Nc3 g6 6. cxd5 Bg7 7. Bc4 O-O 8. Nge2 Nbd7 9. Nf4 a6 10. a4 b6 11. O-O Bb7 12. Re1 Re8 13. Bb3 Nf8 14. Be3 h6 15. h4 Qd7 16. f3 N8h7 17. Qd2 b5 18. axb5 axb5 19. Rxa8 Rxa8 20. Nd3 Nxd5 21. Nc5 Qf5 22. Nxb7 Nxe3 23. Qxe3 b4 24. Nd5 Kh8 25. Nxe7 Qd7 26. Bxf7 1-0


[Site "https://www.chess.com"]

[Event "Titled Tuesday Blitz April 4 Late 2023"]
[White "Moore, Nicholas"]
[Black "Jimenez Almeida, Luis David"]
[WhiteFideId "4303709"]
[BlackFideId "22242244"]
[WhiteElo "2460"]
[BlackElo "2245"]
[Result "1-0"]
[Round "10"]
[TimeControl "180+2"]
[Date "2023.04.04"]
[WhiteClock "0:00:12"]
[BlackClock "0:00:02"]

1. d4 g6 2. c4 Bg7 3. Nf3 c5 4. d5 b5 5. e4 d6 6. cxb5 a6 7. Nc3 Nf6 8. bxa6 Qa5 9. a7 Rxa7 10. Bb5+ Nfd7 11. a4 O-O 12. O-O Na6 13. Qe2 Ne5 14. Nd2 Nb4 15. f4 Bg4 16. Qf2 Ned3 17. Qg3 Nxc1 18. Raxc1 Bd7 19. Nc4 Qc7 20. e5 Bf5 21. Rfd1 h5 22. h3 Rb7 23. Rd2 Rd8 24. Re1 Kh7 25. Qh4 dxe5 26. fxe5 Nd3 27. d6 exd6 28. exd6 Rxd6 29. Nxd6 Nxe1 30. Nxb7 Bd4+ 31. Kh1 Nf3 32. gxf3 Qxb7 33. Ne4 Qd5 34. Nf6+ Bxf6 35. Rxd5 Bxh4 36. a5 1-0


[Site "https://www.chess.com"]

[Event "Titled Tuesday Blitz April 4 Late 2023"]
[White "Harriott, Tyrell"]
[Black "koncheto"]
[WhiteFideId "2086484"]
[WhiteElo "2107"]
[BlackElo "2548"]
[Result "1-0"]
[Round "10"]
[TimeControl "180+2"]
[Date "2023.04.04"]
[WhiteClock "0:00:24"]
[BlackClock "0:00:09"]

1. d4 Nf6 2. e3 e6 3. Bd3 b6 4. f4 Bb7 5. Nf3 d5 6. O-O Bd6 7. Nbd2 O-O 8. Ne5 Ne4 9. Qg4 f5 10. Qh3 Nd7 11. g4 g6 12. Ndf3 Qe7 13. Bd2 Bxe5 14. dxe5 c5 15. Be1 Rac8 16. Bh4 Qg7 17. Bxe4 dxe4 18. Ng5 Rfe8 19. gxf5 exf5 20. Qg3 Nf8 21. Rfd1 Red8 22. c4 Rd3 23. Rxd3 exd3 24. Rd1 Rd8 25. Nxh7 Qxh7 26. Bxd8 Be4 27. Rd2 Qd7 28. Bf6 Ne6 29. Qxg6+ Kf8 30. h4 Qa4 31. Qh6+ Ke8 32. Qh7 Qd7 33. Qg8+ Nf8 34. h5 Qf7 35. Qg5 Qxc4 36. Kh2 Qc1 37. Rg2 Bxg2 38. Qxg2 Qd1 39. Qa8+ Kf7 40. Qb7+ Ke6 41. Qc6+ Kf7 42. Qc7+ Ke6 43. Qd6+ Kf7 44. Qe7+ Kg8 45. Qg7# 1-0


[Site "https://www.chess.com"]

[Event "Titled Tuesday Blitz April 4 Late 2023"]
[White "feuervogel1000000"]
[Black "Fiorito, Joaquin"]
[BlackFideId "180173"]
[WhiteElo "2305"]
[BlackElo "2157"]
[Result "0-1"]
[Round "10"]
[TimeControl "180+2"]
[Date "2023.04.04"]
[WhiteClock "0:00:06"]
[BlackClock "0:00:40"]

1. e4 c6 2. d4 d5 3. e5 Bf5 4. Nf3 e6 5. Be2 c5 6. O-O Ne7 7. c3 Bg4 8. Nbd2 Nbc6 9. h3 Bxf3 10. Nxf3 Nf5 11. g4 Nh4 12. Nxh4 Qxh4 13. Qd3 h5 14. Kg2 hxg4 15. Bxg4 g6 16. Bf4 Qd8 17. Bg3 Be7 18. dxc5 Bxc5 19. Rad1 Qc7 20. b4 Be7 21. Rfe1 O-O-O 22. b5 Na5 23. Qf3 Bh4 24. Bxh4 Rxh4 25. Kg3 g5 26. Qe3 f5 27. Qxg5 Rhh8 28. Bxf5 exf5 29. Qxf5+ Kb8 30. Re3 Nc4 31. Red3 Nb2 32. Rxd5 Nxd1 33. Rxd8+ Rxd8 34. Qf4 Nxc3 35. e6 Ne2+ 0-1


[Site "https://www.chess.com"]

[Event "Titled Tuesday Blitz April 4 Late 2023"]
[White "Francisco Guecamburu, Candela Be"]
[Black "Krasteva, Beloslava"]
[WhiteFideId "160911"]
[BlackFideId "2922029"]
[WhiteElo "2326"]
[BlackElo "2187"]
[Result "1/2-1/2"]
[Round "10"]
[TimeControl "180+2"]
[Date "2023.04.04"]
[WhiteClock "0:00:11"]
[BlackClock "0:00:02"]

1. e4 d5 2. exd5 Qxd5 3. Nc3 Qd8 4. d4 Nf6 5. Nf3 Bg4 6. Bc4 e6 7. Be3 c6 8. h3 Bxf3 9. Qxf3 Be7 10. Bd3 Nbd7 11. g4 Nb6 12. g5 Nfd5 13. h4 Nxc3 14. bxc3 Nd5 15. Bd2 Qd7 16. h5 Bd6 17. g6 hxg6 18. hxg6 Rxh1+ 19. Qxh1 O-O-O 20. gxf7 Qxf7 21. Qe4 Nf4 22. Bc4 Re8 23. O-O-O Ba3+ 24. Kb1 Nd5 25. f4 Qc7 26. f5 a5 27. fxe6 Qb6+ 28. Bb3 a4 29. c4 axb3 30. cxb3 Nf6 31. Qe5 Qc7 32. Qf5 Qg3 33. Qa5 Qd3+ 34. Ka1 Qxd4+ 35. Qc3 Qxc3+ 36. Bxc3 Rxe6 37. Rg1 Bf8 38. a4 Kd7 39. a5 Re3 40. Kb2 Re2+ 41. Kb1 Re3 42. Kb2 Ke6 43. b4 Re4 44. Kb3 Rg4 45. Rf1 Ne4 46. Rxf8 Rg3 47. Re8+ Kf5 48. Re5+ Kf4 49. Rxe4+ Kxe4 50. b5 cxb5 51. cxb5 Rf3 52. Kb4 Rf8 53. a6 bxa6 54. bxa6 Kd5 55. Kb5 Rb8+ 56. Ka5 g5 57. Be1 Ra8 58. Bg3 g4 59. Bf2 Ke4 60. Kb6 Kf3 61. Bc5 Rxa6+ 62. Kxa6 g3 63. Kb5 g2 64. Kc4 g1=Q 65. Bxg1 1/2-1/2


[Site "https://www.chess.com"]

[Event "Titled Tuesday Blitz April 4 Late 2023"]
[White "Loiacono, Antonio"]
[Black "lolliNOPE"]
[WhiteFideId "895415"]
[WhiteElo "2257"]
[BlackElo "2181"]
[Result "1-0"]
[Round "10"]
[TimeControl "180+2"]
[Date "2023.04.04"]
[WhiteClock "0:01:30"]
[BlackClock "0:01:19"]

1. e4 c6 2. d4 d5 3. e5 Bf5 4. Nd2 e6 5. Nb3 Nd7 6. Nf3 c5 7. Nxc5 Nxc5 8. dxc5 Bxc5 9. Bb5+ Kf8 10. O-O h6 11. c3 Ne7 12. a4 g5 13. Nd4 Bg6 14. Kh1 Nf5 15. Nxf5 Bxf5 16. f4 g4 17. Bd3 Bxd3 18. Qxd3 Qd7 19. f5 exf5 20. Rxf5 Re8 21. Bd2 Re6 22. Raf1 Re7 23. a5 a6 24. Be1 Ba7 25. Bh4 Re6 26. Rxf7+ 1-0


[Site "https://www.chess.com"]

[Event "Titled Tuesday Blitz April 4 Late 2023"]
[White "Pakleza, Zbigniew"]
[Black "Goltseva, Ekaterina"]
[WhiteFideId "1119290"]
[BlackFideId "24173770"]
[WhiteElo "2410"]
[BlackElo "2200"]
[Result "1-0"]
[Round "10"]
[TimeControl "180+2"]
[Date "2023.04.04"]
[WhiteClock "0:00:06"]
[BlackClock "0:00:02"]

1. h4 d5 2. a4 e5 3. a5 a6 4. d3 Nc6 5. c3 Be6 6. Nd2 Nf6 7. e4 Bc5 8. f3 Nh5 9. Ne2 Qe7 10. g4 Nf4 11. Nxf4 exf4 12. d4 Ba7 13. Bd3 O-O-O 14. Qe2 f6 15. exd5 Bxd5 16. Qxe7 Nxe7 17. Ne4 h5 18. gxh5 Rxh5 19. Bxf4 Rdh8 20. Kf2 Rxh4 21. Rxh4 Rxh4 22. Bg3 Rh8 23. Re1 Kd7 24. Kg2 Nf5 25. Nxf6+ gxf6 26. Bxf5+ Kd8 27. Be4 c6 28. Bxd5 cxd5 29. Re6 Rh6 30. Rd6+ Ke7 31. Rxd5 Rg6 32. Kf2 Rg7 33. Rh5 Kd7 34. Rh8 Kc6 35. Ra8 b6 36. axb6 Kxb6 37. Bd6 Kb7 38. Rf8 Rh7 39. Rxf6 Bb6 40. Be5 a5 41. Ke3 a4 42. Kd3 Rh1 43. d5 Rd1+ 44. Ke4 Rd2 45. c4 Ka7 46. Rc6 Kb7 47. c5 Ba7 48. f4 Re2+ 49. Kf5 Rc2 50. Bd6 Rd2 51. Rc7+ Ka8 52. Ke6 Re2+ 53. Kd7 Bb8 54. Rc8 Rxb2 55. c6 a3 56. c7 a2 57. Rxb8+ 1-0


[Site "https://www.chess.com"]

[Event "Titled Tuesday Blitz April 4 Late 2023"]
[White "Meunier-Pion, Jean"]
[Black "Skvortsov, Andrei"]
[WhiteFideId "20685327"]
[BlackFideId "24108600"]
[WhiteElo "2124"]
[BlackElo "2259"]
[Result "1-0"]
[Round "10"]
[TimeControl "180+2"]
[Date "2023.04.04"]
[WhiteClock "0:01:29"]
[BlackClock "0:01:18"]

1. d4 d5 2. c4 c6 3. Nc3 Nf6 4. e3 Bf5 5. cxd5 cxd5 6. Qb3 Qd7 7. Nf3 Nc6 8. Ne5 Qc7 9. Nxd5 Nxd5 10. Qxd5 Nxe5 11. Qxe5 Qxe5 12. dxe5 O-O-O 13. f3 Bd3 14. Bxd3 Rxd3 15. Ke2 Rd5 16. e4 Rxe5 17. Bf4 Rc5 18. Rac1 Rc6 19. b4 a6 20. a4 e5 21. b5 Rxc1 22. Rxc1+ Kd7 23. Bxe5 axb5 24. axb5 f6 25. Bf4 b6 26. Rc7+ Ke6 27. Rc6+ Kd7 28. Rxb6 Be7 29. Rb7+ Ke6 30. Bd2 Ra8 31. f4 Ra2 32. Kd3 g6 33. f5+ gxf5 34. exf5+ Kxf5 35. Rxe7 Rb2 36. Rxh7 Ke6 37. Rh5 f5 38. g3 Rb3+ 39. Kc4 Rb2 40. Bc3 Rb1 41. Rh6+ Kd7 42. b6 Kc8 43. Kd5 Kb7 44. Bd4 Rb5+ 45. Bc5 f4 46. Rh7+ Kb8 47. Kc6 1-0


[Site "https://www.chess.com"]

[Event "Titled Tuesday Blitz April 4 Late 2023"]
[White "Martins, Bruno Andre Leite"]
[Black "Santos Flores, Alberto"]
[WhiteFideId "1942255"]
[BlackFideId "3601234"]
[WhiteElo "2240"]
[BlackElo "2235"]
[Result "1-0"]
[Round "10"]
[TimeControl "180+2"]
[Date "2023.04.04"]
[WhiteClock "0:01:37"]
[BlackClock "0:01:29"]

1. e4 c5 2. Nf3 Nc6 3. d4 cxd4 4. Nxd4 g6 5. c4 Nf6 6. Nc3 d6 7. f3 Nxd4 8. Qxd4 Bg7 9. Be3 O-O 10. Qd2 Be6 11. Rc1 Qa5 12. b3 Rfc8 13. Be2 a6 14. Nd5 Qxd2+ 15. Kxd2 Nxd5 16. exd5 Bd7 17. a4 b5 18. cxb5 axb5 19. Rxc8+ Rxc8 20. Bxb5 Bxb5 21. axb5 Bc3+ 22. Kd3 Bb4 23. Rc1 Rb8 24. b6 Kf8 25. Kc4 Bc5 26. Bxc5 dxc5 27. Kb5 Ke8 28. Kc6 Kd8 29. b7 e6 30. dxe6 fxe6 31. Rd1+ Ke7 32. Kc7 1-0


[Site "https://www.chess.com"]

[Event "Titled Tuesday Blitz April 4 Late 2023"]
[White "Popov, Mikhail"]
[Black "Romero Pallares, Daniel"]
[WhiteFideId "4146182"]
[BlackFideId "32025637"]
[WhiteElo "2244"]
[BlackElo "2195"]
[Result "1-0"]
[Round "10"]
[TimeControl "180+2"]
[Date "2023.04.04"]
[WhiteClock "0:00:03"]
[BlackClock "0:00:03"]

1. c4 g6 2. g3 Bg7 3. Bg2 Nf6 4. Nc3 O-O 5. e4 d6 6. Nge2 c5 7. d3 Nc6 8. O-O a6 9. h3 Rb8 10. a4 Ne8 11. Be3 Nc7 12. d4 b5 13. cxb5 axb5 14. dxc5 dxc5 15. Bxc5 bxa4 16. Qxa4 Bd7 17. Qc2 Qc8 18. Kh2 Ne6 19. Be3 Nb4 20. Qb1 Nc5 21. Rd1 Be6 22. Bd4 Bc4 23. Bxg7 Kxg7 24. Nd4 Rd8 25. b3 Bd3 26. Qb2 e5 27. Nd5 Nxd5 28. exd5 exd4 29. Qxd4+ Kg8 30. Rxd3 Nxb3 31. Rxb3 Rxb3 32. d6 Qc3 33. Qh4 Rxd6 34. Ra8+ Kg7 35. Qe7 Re6 36. Qf8+ Kf6 37. Qd8+ Kg7 38. Qh8+ Kh6 39. Qf8+ Kg5 40. Qxf7 Qf6 41. Qxh7 Qxf2 42. Qh4+ Kf5 43. Rf8+ Ke5 44. Rxf2 1-0


[Site "https://www.chess.com"]

[Event "Titled Tuesday Blitz April 4 Late 2023"]
[White "Gontcharov, Vladislav"]
[Black "Jimenez Jimenez, Leandro"]
[WhiteFideId "4123492"]
[BlackFideId "6415253"]
[WhiteElo "2420"]
[BlackElo "2263"]
[Result "0-1"]
[Round "10"]
[TimeControl "180+2"]
[Date "2023.04.04"]
[WhiteClock "0:00:03"]
[BlackClock "0:00:13"]

1. d4 d5 2. c4 e6 3. Nc3 Nf6 4. Bg5 Be7 5. e3 O-O 6. Rc1 b6 7. cxd5 Nxd5 8. Nxd5 exd5 9. Bxe7 Qxe7 10. Nf3 Bb7 11. Qc2 Rc8 12. Bd3 g6 13. O-O c5 14. Ne5 Nd7 15. Nxd7 Qxd7 16. dxc5 Rxc5 17. Qd2 Rac8 18. Rxc5 Rxc5 19. Rd1 Qc8 20. h3 Qc6 21. Bf1 Rc2 22. Qd4 Qc5 23. Qxc5 bxc5 24. Rb1 Kf8 25. a4 a5 26. b3 Ke7 27. Bb5 Kd6 28. Kf1 d4 29. Rd1 Ke5 30. Re1 Kd6 31. f3 f5 32. Re2 Rc1+ 33. Kf2 Bd5 34. Rd2 dxe3+ 35. Kxe3 Rc3+ 36. Kf2 Ke5 37. Re2+ Kf6 38. Re8 Bxb3 39. Rc8 c4 40. h4 Rc2+ 41. Kg3 c3 42. Kf4 Rxg2 43. Rc6+ Kg7 44. Rxc3 Bf7 45. Rc7 Kf6 46. Rc6+ Kg7 47. Rc7 Kf6 48. Ra7 Rb2 49. Rxa5 Rb4+ 50. Kg3 Bc4 51. Ra6+ Kg7 52. Bc6 Bxa6 53. Kf2 Bc4 54. Ke3 Ba6 55. Kd2 Bb7 56. Bb5 Bxf3 57. Kc3 Rxh4 58. a5 Ba8 59. a6 Rh2 60. a7 Ra2 61. Kd4 Rxa7 62. Be2 Kf6 63. Ke3 Be4 64. Kf2 Ra3 65. Bb5 g5 66. Kg1 g4 67. Kh2 Kg5 68. Bc4 h5 69. Bf1 h4 70. Be2 h3 71. Bxg4 fxg4 72. Kg1 Kh4 73. Kh2 g3+ 74. Kg1 Ra1# 0-1


[Site "https://www.chess.com"]

[Event "Titled Tuesday Blitz April 4 Late 2023"]
[White "Bruedigam, Martin"]
[Black "Melikhov, Evgeny V."]
[WhiteFideId "24608033"]
[BlackFideId "4122046"]
[WhiteElo "2331"]
[BlackElo "2158"]
[Result "1/2-1/2"]
[Round "10"]
[TimeControl "180+2"]
[Date "2023.04.04"]
[WhiteClock "0:00:46"]
[BlackClock "0:00:12"]

1. d4 Nf6 2. c4 e6 3. Nc3 Bb4 4. e3 b6 5. Bd2 O-O 6. Bd3 Bb7 7. Nf3 Bxc3 8. Bxc3 Be4 9. O-O Bxd3 10. Qxd3 d5 11. Nd2 c5 12. dxc5 bxc5 13. cxd5 exd5 14. Bxf6 gxf6 15. Rac1 c4 16. Qf5 Qd6 17. e4 Qe5 18. Qxe5 fxe5 19. exd5 Rd8 20. Nxc4 Rxd5 21. Rfd1 Rxd1+ 22. Rxd1 Nc6 23. Rd5 Rc8 24. Rc5 f6 25. Kf1 Ne7 26. Rxc8+ Nxc8 27. Ke2 Kf7 28. g4 Ke6 29. Kd3 f5 30. gxf5+ Kxf5 31. Ke3 Ne7 32. Nd6+ Ke6 33. Nb5 Nd5+ 34. Kf3 a6 35. Nc3 Nf6 36. Ne4 Nd5 37. Nc5+ Kf5 38. Nxa6 e4+ 39. Ke2 Nf4+ 40. Kf1 Nd3 41. b4 Kf4 42. b5 Kf3 43. b6 Nxf2 44. Nb4 e3 45. Nc2 e2+ 46. Kg1 Nh3+ 47. Kh1 Nf2+ 48. Kg1 Nh3+ 49. Kh1 Nf2+ 50. Kg1 1/2-1/2


[Site "https://www.chess.com"]

[Event "Titled Tuesday Blitz April 4 Late 2023"]
[White "Smith, Garrett L"]
[Black "Petrovic, Aleksa"]
[WhiteFideId "2024829"]
[BlackFideId "967629"]
[WhiteElo "2339"]
[BlackElo "2309"]
[Result "1-0"]
[Round "10"]
[TimeControl "180+2"]
[Date "2023.04.04"]
[WhiteClock "0:00:17"]
[BlackClock "0:00:04"]

1. e4 e6 2. d4 d5 3. Nc3 Bb4 4. exd5 exd5 5. Bd3 Nc6 6. a3 Bxc3+ 7. bxc3 Nce7 8. Rb1 Nf6 9. Nf3 O-O 10. O-O b6 11. h3 Bf5 12. Re1 Bxd3 13. cxd3 h6 14. Ne5 Ng6 15. Qf3 Qd6 16. Qg3 Rae8 17. a4 Nd7 18. f4 c5 19. Ba3 Ne7 20. dxc5 bxc5 21. d4 Nxe5 22. fxe5 Qa6 23. Bxc5 Qxa4 24. Ra1 Qc2 25. Rxa7 Nf5 26. Qf2 Qd3 27. Bxf8 Rxf8 28. g4 Qxh3 29. gxf5 Rc8 30. Re3 Qg4+ 31. Qg3 Qxf5 32. Rf3 Qb1+ 33. Kg2 Qc2+ 34. Kh3 Rc6 35. Raxf7 g5 36. Rf8+ Kg7 37. R3f7+ Kg6 38. Rf6+ Rxf6 39. Rxf6+ Kg7 40. Rf2 Qe4 41. Qf3 Qh4+ 42. Kg2 g4 43. Qf7+ Kh8 44. Qf8+ Kh7 45. Rf7+ Kg6 46. Qg7+ Kh5 47. Rf5+ 1-0


[Site "https://www.chess.com"]

[Event "Titled Tuesday Blitz April 4 Late 2023"]
[White "micke12a"]
[Black "Roebers, Eline"]
[BlackFideId "1058401"]
[WhiteElo "2367"]
[BlackElo "2512"]
[Result "0-1"]
[Round "10"]
[TimeControl "180+2"]
[Date "2023.04.04"]
[WhiteClock "0:00:02"]
[BlackClock "0:01:12"]

1. e4 c5 2. Nc3 e6 3. Nge2 Nc6 4. g3 a6 5. Bg2 b5 6. O-O Bb7 7. d4 cxd4 8. Nxd4 Rc8 9. a3 Nge7 10. Be3 Ng6 11. Qd2 Nge5 12. Nxc6 Bxc6 13. Bd4 Nc4 14. Qc1 f6 15. b3 Nd6 16. Re1 Nf7 17. Qe3 Be7 18. Bb6 Rc7 19. Rad1 O-O 20. Bxc7 Qxc7 21. b4 a5 22. Qd4 Ne5 23. f4 Nc4 24. Nd5 Bxd5 25. exd5 axb4 26. axb4 Bxb4 27. Kh1 Bxe1 28. Rxe1 e5 29. fxe5 fxe5 30. Qh4 d6 31. Be4 g6 32. Bd3 Qc5 33. Qe4 Nd2 34. Qg2 Nf3 35. Rd1 b4 36. Be4 Nd4 37. h4 Qc3 38. h5 Qe3 39. hxg6 hxg6 40. Bd3 Rf2 41. Qh3 Rf7 42. Bxg6 Qf3+ 43. Kh2 Qe2+ 44. Qg2 Rf2 0-1


[Site "https://www.chess.com"]

[Event "Titled Tuesday Blitz April 4 Late 2023"]
[White "Fernandez Sanchez, Mario Andres"]
[Black "Koutlas, Nikolaos"]
[WhiteFideId "6501621"]
[BlackFideId "25827138"]
[WhiteElo "2050"]
[BlackElo "2215"]
[Result "1-0"]
[Round "10"]
[TimeControl "180+2"]
[Date "2023.04.04"]
[WhiteClock "0:01:25"]
[BlackClock "0:01:02"]

1. d4 g6 2. Bf4 Bg7 3. Nc3 d5 4. e3 a6 5. h4 h6 6. Nf3 Bg4 7. Qd2 Nf6 8. Ne5 Bf5 9. Be2 Nbd7 10. g4 Be4 11. f3 Nxe5 12. dxe5 Nxg4 13. fxe4 Nxe5 14. exd5 Qd7 15. O-O-O O-O-O 16. Bd3 e6 17. Qh2 Ng4 18. Qg3 e5 19. Be2 exf4 20. Qxg4 f5 21. Qxg6 Rhe8 22. Bd3 Kb8 23. exf4 Bxc3 24. bxc3 Qa4 25. Qxf5 Qa3+ 26. Kd2 Rf8 27. Qe4 Qxa2 28. Ra1 Qxd5 29. Qxd5 Rxd5 30. Raf1 a5 31. f5 a4 32. f6 a3 33. Rf4 Rd6 34. f7 Rd7 35. Kc1 Rdxf7 36. Rxf7 Rxf7 37. Kb1 c5 38. Ka2 Kc7 39. Kxa3 Kd6 40. Rg1 Rf6 41. Rg6 Ke5 42. Rxf6 Kxf6 1-0


[Site "https://www.chess.com"]

[Event "Titled Tuesday Blitz April 4 Late 2023"]
[White "Bacallao Alonso, Yusnel"]
[Black "Jovic, Stanoje"]
[WhiteFideId "3507416"]
[BlackFideId "905020"]
[WhiteElo "2561"]
[BlackElo "2236"]
[Result "1/2-1/2"]
[Round "10"]
[TimeControl "180+2"]
[Date "2023.04.04"]
[WhiteClock "0:00:10"]
[BlackClock "0:00:05"]

1. d4 Nf6 2. c4 e6 3. Nf3 b6 4. g3 Ba6 5. Qc2 Bb4+ 6. Nbd2 O-O 7. e4 d5 8. cxd5 Bxf1 9. Kxf1 Bxd2 10. Bxd2 exd5 11. e5 Ne4 12. Rc1 c5 13. dxc5 bxc5 14. Kg2 Nc6 15. Rhd1 f6 16. e6 Re8 17. Be3 c4 18. Qa4 Rxe6 19. Rxc4 Ne7 20. Rc2 Qe8 21. Qxe8+ Rxe8 22. Nd4 Ra6 23. b3 Rc8 24. Rdc1 Rxc2 25. Rxc2 Kf7 26. Nb5 g5 27. a4 Nf5 28. Bxa7 g4 29. Rc7+ Kg6 30. Be3 Re6 31. Bf4 Ng5 32. Bxg5 fxg5 33. Rc2 Re1 34. Rd2 Rb1 35. Nd4 Nxd4 36. Rxd4 Rxb3 37. Rxd5 Ra3 38. a5 h5 39. Rd6+ Kf5 40. a6 h4 41. gxh4 gxh4 42. Rd5+ Kf4 43. Rd4+ Kf5 44. Rd5+ Kf4 45. Rd4+ Kf5 46. Rd5+ 1/2-1/2


[Site "https://www.chess.com"]

[Event "Titled Tuesday Blitz April 4 Late 2023"]
[White "Averjanov, Alexey"]
[Black "Kukula, Pawel"]
[WhiteFideId "14109867"]
[BlackFideId "1115081"]
[WhiteElo "2619"]
[BlackElo "2012"]
[Result "1-0"]
[Round "10"]
[TimeControl "180+2"]
[Date "2023.04.04"]
[WhiteClock "0:01:23"]
[BlackClock "0:00:29"]

1. d4 Nf6 2. c4 Nc6 3. Nf3 e6 4. g3 Bb4+ 5. Nbd2 a5 6. Bg2 O-O 7. O-O Bxd2 8. Qxd2 d6 9. b3 Ne4 10. Qc2 f5 11. d5 Nb4 12. Qd1 e5 13. Bb2 Bd7 14. a3 Na6 15. Qc2 Nac5 16. b4 Ba4 17. Qb1 Nb3 18. Ra2 Nbd2 19. Nxd2 Nxd2 20. Qc1 Nxf1 21. Bxf1 f4 22. Ra1 axb4 23. axb4 Bd7 24. Bg2 Rxa1 25. Bxa1 b6 26. c5 bxc5 27. bxc5 fxg3 28. hxg3 Qf6 29. Qe3 Qg6 30. Kh2 Qh6+ 31. Qxh6 gxh6 32. c6 Bc8 33. Kg1 Ba6 34. e3 Rb8 35. Bc3 Rb5 36. e4 Rc5 37. Bb4 Rb5 38. Bc3 Kf7 39. Kh2 Rc5 40. Bb4 Rb5 41. Bc3 Ke7 42. Bd2 Rb2 43. Be3 h5 44. Bh3 h6 45. Bd7 Be2 46. Bxh6 Bf3 47. Bg5+ Kf7 48. Bd8 Rb1 49. g4 hxg4 50. Kg3 Rg1+ 51. Kh4 Kg6 52. Bf5+ Kf7 53. Bxc7 Rh1+ 54. Kg5 Re1 55. Bxd6 Bxe4 56. c7 Bxf5 57. Kxf5 Rc1 58. Bxe5 Ke7 59. d6+ Kd7 60. Kxg4 Rc4+ 61. f4 Ke6 62. Kg5 Kd7 63. f5 Rc5 64. Kf6 Rc1 65. Kg6 Rg1+ 66. Kf7 Re1 67. Bg3 Rg1 68. Bh4 Rh1 69. Be7 Rf1 70. f6 Rc1 71. Kg7 Rg1+ 72. Kf8 Rg2 73. f7 Rg1 74. c8=Q+ Kxc8 75. Ke8 Rf1 76. d7+ 1-0


[Site "https://www.chess.com"]

[Event "Titled Tuesday Blitz April 4 Late 2023"]
[White "Vlassov, Nikolai"]
[Black "Mazurkiewicz, Michal"]
[WhiteFideId "4103360"]
[BlackFideId "1124943"]
[WhiteElo "2324"]
[BlackElo "2054"]
[Result "1-0"]
[Round "10"]
[TimeControl "180+2"]
[Date "2023.04.04"]
[WhiteClock "0:00:53"]
[BlackClock "0:00:01"]

1. g4 e5 2. Bg2 d5 3. d4 e4 4. c4 c6 5. Nc3 Bb4 6. Qb3 Bxc3+ 7. bxc3 Qb6 8. cxd5 Qxb3 9. axb3 cxd5 10. c4 Bxg4 11. cxd5 Nf6 12. Bg5 Nbd7 13. f3 exf3 14. Nxf3 h6 15. Bxf6 Nxf6 16. Ne5 Bf5 17. d6 Rd8 18. Bxb7 Rxd6 19. Bc6+ Rxc6 20. Nxc6 Be4 21. Rg1 Bxc6 22. Rxg7 Kf8 23. Rg3 Ne4 24. Rg1 Ke7 25. Rxa7+ Ke6 26. e3 Rb8 27. Ra6 Kd5 28. Ra5+ Kd6 29. Rg7 Rxb3 30. Rxf7 Bb5 31. Kd1 Bd3 32. Ra1 Rb2 33. Rfa7 Nc3+ 34. Ke1 Rxh2 35. R1a3 Re2+ 36. Kf1 Rc2+ 37. Kg1 Ne2+ 38. Kf2 Nxd4+ 39. Kg3 Nf5+ 40. Kf4 Rf2+ 41. Kg4 Be4 42. R3a6+ Kc5 43. Ra5+ Kb4 44. Re5 Bc2 45. Rb7+ 1-0


[Site "https://www.chess.com"]